 Dungeon Crawl Stone Soup version 0.30-a0-986-g7f2e898f52 (webtiles) character file.

Game seed: 7736706151582485965

2170 Gynju the Spear-Bearer (level 9, -6/72 HPs)
             Began as a Minotaur Fighter on Apr 2, 2023.
             Was a Priest of Okawaru.
             Killed by divine providence
             ... invoked by an orc priest
              (11 damage)
             ... on level 6 of the Dungeon.
             The game lasted 00:08:35 (4743 turns).

Gynju the Spear-Bearer (Minotaur Fighter)           Turns: 4743, Time: 00:08:35

Health: -6/72      AC: 15    Str: 29    XL:     9   Next: 11%
Magic:  8/8        EV:  8    Int:  5    God:    Okawaru [***...]
Gold:   211        SH: 10    Dex:  5    Spells: 8/8 levels left

rFire   . . .      SeeInvis .    t - +7 spear of the Sky {protect, +Blink Str+3 Dex-4}
rCold   . . .      Faith    .    v - +2 kite shield
rNeg    . . .      Spirit   .    b - +0 scale mail
rPois   .          Reflect  .    i - +1 hat
rElec   .          Rampage  .    z - scarf {+Inv}
rCorr   .                        (no gloves)
Will    .....                    (no boots) Stlth
                                 (no amulet)
HPRegen 0.32/turn                (no ring)
MPRegen 0.11/turn                (no ring)

@: under a protective aura
A: horns 2, retaliatory headbutt
a: Renounce Religion, Evoke Blink, Evoke Invisibility, Heroism


You were on level 6 of the Dungeon.
You worshipped Okawaru.
Okawaru was most pleased with you.
You visited 1 branch of the dungeon, and saw 6 of its levels.
You also visited: Ossuary.

You collected 211 gold pieces.

Inventory:

Hand Weapons
 a - a +0 war axe
 t - the +7 spear of the Sky (weapon) {protect, +Blink Str+3 Dex-4}
   (You took it off a goblin on level 3 of the Dungeon)

   Str:       It affects your strength (+3).
   Dex:       It affects your dexterity (-4).
   +Blink:    It lets you blink.
 u - the +3 mace of the Enfolding Hero {protect, rElec rPois rC-}
   (You found it on level 3 of the Dungeon)

   rC:        It makes you vulnerable to cold.
   rElec:     It insulates you from electricity.
   rPois:     It protects you from poison.
 w - the +4 mace of the Wizarding Gods {freeze, Str+3}
   (You found it on level 5 of the Dungeon)

   Str:       It affects your strength (+3).
Armour
 b - a +0 scale mail (worn)
 i - a +1 hat (worn)
 v - a +2 kite shield (worn)
 z - a scarf of invisibility (worn)
Scrolls
 e - 12 scrolls of identify {unknown}
 f - 4 scrolls of enchant weapon {unknown}
 h - 3 scrolls of enchant armour {unknown}
 k - 2 scrolls of teleportation {unknown}
 m - a scroll of brand weapon {unknown}
 p - 2 scrolls of noise {unknown}
 r - a scroll of vulnerability {unknown}
 s - 3 scrolls of fear {unknown}
 y - 3 scrolls of fog {unknown}
Potions
 c - 4 potions of degeneration {unknown}
 d - a potion of might
 g - 5 potions of heal wounds {unknown}
 j - 2 potions of attraction {unknown}
 l - a potion of flight {unknown}
 n - a potion of ambrosia {unknown}
 o - 4 potions of curing {unknown}
 q - 3 potions of invisibility {unknown}
 x - a potion of cancellation {unknown}
 A - a potion of magic {unknown}
 B - 3 potions of mutation {unknown}
 C - a potion of lignification {unknown}


   Skills:
 + Level 4.6 Fighting
 - Level 7.4(10.2) Axes
 - Level 11.0(12.0) Polearms
 + Level 4.6 Armour
 * Level 5.5 Shields


You had 8 spell levels left.
You didn't know any spells.
Your spell library contained the following spells:

 Spells                   Type           Power      Damage    Failure   Level
 Vhi's Electric Charge    Tloc/Air       0%         N/A       100%        3
 Arcjolt                  Conj/Air       0%         1d10      100%        5
 Maxwell's Capacitive Co  Air            0%         ∞         100%        8


Dungeon Overview and Level Annotations

Branches:
Dungeon (6/15)            Ossuary (visited)
 Temple: D:4-7

Altars:
Okawaru
Qazlal
Trog

Shops:
D:5 (:[!(

Annotations:
D:5 Grinder


Innate Abilities, Weirdness & Mutations

You have a pair of horns on your head.
You reflexively headbutt those who attack you in melee.


Message History

You puncture the orc priest!
The orc priest is severely wounded.
A centaur comes into view.
You closely miss the orc priest. Your headbutt misses the orc priest.
The orc priest is severely wounded.
The centaur shoots an arrow.
You block the arrow.
The orc priest hits you but does no damage.
The orc priest barely misses you.
You closely miss the orc priest.
The orc priest is severely wounded.
The centaur shoots an arrow.
The arrow hits you.
* * * LOW HITPOINT WARNING * * *
The orc priest invokes the aid of Beogh against you.
Pain shoots through your body!
* * * LOW HITPOINT WARNING * * *
The orc priest looks braver for a moment.
You hit the orc priest. You headbutt the orc priest.
You kill the orc priest!
Okawaru accepts your kill.
The centaur shoots an arrow.
The arrow closely misses you.
The centaur wields a +0 shortbow.
The centaur shoots an arrow.
You block the arrow.
The centaur shoots an arrow.
You block the arrow.
The centaur shoots an arrow.
You block the arrow.
A howler monkey comes into view.
The centaur shoots an arrow.
The arrow completely misses you.
A water moccasin comes into view.
Things that are here:
a +0 dagger; a +0 leather armour; a scroll labelled PUKLAL ZUSKAC You barely miss the orc priest.
The orc priest is severely wounded.
The orc priest looks satisfied for a moment.
The centaur shoots an arrow.
The arrow barely misses you.
You closely miss the orc priest. Your headbutt misses the orc priest.
The orc priest is severely wounded.
The centaur shoots an arrow.
The arrow hits you.
* * * LOW HITPOINT WARNING * * *
The orc priest invokes the aid of Beogh against you.
Beogh smites you!
You die...

.≈≈≈≈ ######+#§
#.......#####
#........#...
........#... ....(#
... ### #...# ...
#...##########...##...
#...h@o..?............
#...##...........###+#
#....
#cc####.##..##... ..#.
#S.# #.##..##... #..
....# ...#....... ..
.....+ ....#....... .
..##..############'#
.. ##'# ########...
...........


You could see a water moccasin, 2 centaurs, a howler monkey and an orc priest.

Vanquished Creatures
  Eustachio (D:5)
  Duvessa (D:5)
  An ice beast (D:5)
  2 black bears (D:5)
  6 elf zombies (Ossuary)
  2 bullfrogs (D:6)
  2 scorpions (D:5)
  3 wights (D:6)
  Dowan (D:5)
  3 hounds
  3 centaur zombies (Ossuary)
  3 human zombies (Ossuary)
  2 orc priests
  A gnoll bouda (D:5)
  2 iguanas (D:5)
  An orc wizard (D:5)
  3 mummies (Ossuary)
  12 gnolls
  8 adders
  4 shadow imps
  2 ufetubi (D:5)
  2 worms
  3 dart slugs
  5 orcs
  7 ball pythons
  4 endoplasms
  2 giant cockroaches (D:1)
  14 goblins
  3 hobgoblins
  9 jackals
  4 quokkas
  A bat (D:3)
  2 frilled lizards
  9 kobolds
  10 rats
138 creatures vanquished.

Vanquished Creatures (others)
  6 plants (D:2)
6 creatures vanquished.

Grand Total: 144 creatures vanquished

Notes
Turn   | Place    | Note
-------+----------+-------------------------------------------
     0 | D:1      | Gynju the Minotaur Fighter began the quest for the Orb.
     0 | D:1      | Reached XP level 1. HP: 19/19 MP: 0/0
   189 | D:1      | Reached XP level 2. HP: 22/26 MP: 1/1
   567 | D:1      | Reached XP level 3. HP: 28/31 MP: 2/2
   742 | D:2      | Reached skill level 5 in Axes
   836 | D:2      | Reached XP level 4. HP: 10/39 MP: 3/3
  1622 | D:3      | Found an iron altar of Okawaru.
  1634 | D:3      | Became a worshipper of Warmaster Okawaru
  1689 | D:3      | Reached XP level 5. HP: 45/45 MP: 4/4
  2471 | D:3      | Identified the +7 spear of the Sky {protect, +Blink Str+3
                  | Dex-4}
  2575 | D:3      | Found a bloodstained altar of Trog.
  2669 | D:3      | Identified the +3 mace of the Enfolding Hero {protect,
                  | rElec rPois rC-}
  2871 | D:3      | Reached skill level 1 in Polearms
  3200 | D:4      | Reached skill level 2 in Polearms
  3200 | D:4      | Reached XP level 6. HP: 51/51 MP: 5/5
  3491 | D:5      | Entered Level 5 of the Dungeon
  3498 | D:5      | Reached skill level 3 in Polearms
  3500 | D:5      | Reached * piety under Okawaru
  3501 | D:5      | Reached skill level 4 in Polearms
  3608 | D:5      | Found Zeeh Atubieg's Self-Improvement Boutique.
  3626 | D:5      | Noticed an ice beast
  3634 | D:5      | Killed an ice beast
  3635 | D:5      | Reached skill level 5 in Polearms
  3635 | D:5      | Reached XP level 7. HP: 57/57 MP: 6/6
  3644 | D:5      | Identified the +4 mace of the Wizarding Gods {freeze,
                  | Str+3}
  3740 | D:5      | Noticed Eustachio
  3753 | D:5      | Killed Eustachio
  3754 | D:5      | Reached skill level 6 in Polearms
  3786 | D:5      | Noticed Duvessa
  3787 | D:5      | Noticed Dowan
  3802 | D:5      | Killed Duvessa
  3803 | D:5      | Reached skill level 7 in Polearms
  3805 | D:5      | Killed Dowan
  3865 | D:5      | Reached ** piety under Okawaru
  3866 | D:5      | Reached skill level 8 in Polearms
  3881 | D:5      | Reached XP level 8. HP: 64/64 MP: 7/7
  3887 | D:5      | Noticed Grinder
  3911 | D:5      | Found Noelytij's Distillery.
  3929 | D:5      | Reached skill level 9 in Polearms
  3970 | D:5      | Found Caph's Weapon Boutique.
  3972 | D:5      | Found Nuajob's Armour Shop.
  3974 | D:5      | Found Lywy's Antique Weapon Boutique.
  4025 | D:5      | Found a sand-covered staircase.
  4034 | Ossuary  | Entered an ossuary
  4090 | Ossuary  | Reached skill level 10 in Polearms
  4144 | Ossuary  | Reached *** piety under Okawaru
  4145 | Ossuary  | Reached skill level 11 in Polearms
  4531 | D:6      | Found a stormy altar of Qazlal.
  4544 | D:6      | Reached XP level 9. HP: 65/71 MP: 8/8
  4548 | D:6      | Reached skill level 5 in Shields
  4743 | D:6      | Killed from afar by an orc priest

Illustrated notes

Levels and vault maps discovered:
D:1:      shiori_shiawase, layout_loops_cross
D:2:      layout_rooms, corexii_hall_statues_l, minmay_misc_feat_rows,
          nicolae_grassy_gnolls
D:3:      kennysheep_the_goblin_king, layout_basic, okawaru_gym_becter,
          mainiacjoe_overflow_alcove_4, minmay_misc_feat_roman,
          minmay_misc_feat_doors
D:4:      layout_basic, corexii_item_surrounded_by_moat
D:5:      minmay_chambers_of_threes, layout_cave_pools,
          nicolae_ossuary_entry_ruins, nicolae_wooded_promenade,
          nicolae_shop_self_help, uniq_eustachio, uniq_grinder, uniq_duvessa
D:6:      layout_gridville, mainiacjoe_overflow_paths,
          minmay_temple_entry_slanted

Skill      XL: |  1  2  3  4  5  6  7  8  9 |
---------------+----------------------------+-----
Axes           | 3 4 5 6 7 |  7.4
Polearms       | 2 5 8 11 | 11.0
Shields        | 4 5 |  5.5
Fighting       | 4 |  4.6
Armour         | 4 |  4.6

Action                     |  1- 3 |  4- 6 |  7- 9 || total
---------------------------+-------+-------+-------++-------
  Melee: War axe           |    74 |    72 |       ||   146
         Headbutt          |    12 |    15 |    44 ||    71
         Spear             |       |    60 |   237 ||   297
 Armour: Scale mail        |    44 |    59 |    56 ||   159
  Dodge: Dodged            |    44 |    47 |    40 ||   131
  Block: Buckler           |    17 |    21 |       ||    38
         Kite shield       |       |    10 |    66 ||    76

Table legend: (Time is in decaauts)
 A = Elapsed time spent in this place.
 B = Non-inter-level travel time spent in this place.
 C = Inter-level travel time spent in this place.
 D = Time resting spent in this place.
 E = Time spent auto-exploring this place.
 F = Levels seen in this place.
 G = Mean time per level.
                   A        B        C        D        E       F      G
               +--------+--------+--------+--------+--------+-----+--------+
         Total |   4718 |   4457 |    261 |    543 |   3018 |   7 |  674.0 |
       Dungeon |   4535 |   4274 |    261 |    543 |   2938 |   6 |  755.8 |
       Ossuary |    182 |    182 |      0 |      0 |     80 |   1 |  182.0 |
               +--------+--------+--------+--------+--------+-----+--------+

Top non-repeatable levels by time:
     D:3: 1242 daAuts
     D:1: 919 daAuts
     D:2: 918 daAuts
     D:5: 757 daAuts
     D:4: 457 daAuts
     D:6: 241 daAuts
 Ossuary: 182 daAuts
